 Dungeon Crawl Stone Soup version 0.27.1-33-g824d729ab1 (webtiles) character file.

Game seed: 9579712381597679564

252 zeram the Poker (level 6, 0/47 HPs)
             Began as a Merfolk Fighter on Dec 14, 2021.
             Slain by a quasit (3 damage)
             ... summoned by Eustachio
             ... on level 4 of the Dungeon.
             The game lasted 00:04:28 (2888 turns).

zeram the Poker (Merfolk Fighter)                   Turns: 2888, Time: 00:04:29

Health: 0/47       AC:  6    Str: 16      XL:     6   Next: 14%
Magic:  6/6        EV:  8    Int:  9      God:
Gold:   169        SH: 10    Dex: 19 (20) Spells: 2/5 levels left

rFire    . . .     SeeInvis .   d - +4 spear (venom)
rCold    . . .     Faith    .   c - +0 kite shield
rNeg     . . .     Spirit   .   b - +0 scale mail
rPois    .         Reflect  .   (no helmet)
rElec    .         Harm     .   (no cloak)
rCorr    .         Rampage  .   (no gloves)
Will     .....                  (no boots)
Stlth    ..........             n - amulet of magic regeneration
HPRegen  0.15/turn              m - ring of wizardry
MPRegen  0.35/turn              o - +6 ring of dexterity

@: mighty
A: (nimble swimmer 2), mertail
a: no special abilities


You were on level 4 of the Dungeon.
You visited 1 branch of the dungeon, and saw 4 of its levels.

You collected 169 gold pieces.

Inventory:

Hand Weapons
 a - a +0 trident
 d - a +4 spear of venom (weapon)
Missiles
 j - 136 stones (quivered)
Armour
 b - a +0 scale mail (worn)
 c - a +0 kite shield (worn)
Jewellery
 m - a ring of wizardry (left hand)
 n - an amulet of magic regeneration (around neck)
 o - a +6 ring of dexterity (right hand)
Scrolls
 k - a scroll of torment {unknown}
 q - a scroll of enchant armour {unknown}
Potions
 g - a potion of magic
 l - a potion of cancellation
 p - a potion of berserk rage {unknown}


   Skills:
 - Level 3.2 Fighting
 + Level 6.2 Polearms
 - Level 2.1 Armour
 + Level 1.7 Dodging
 * Level 4.8 Shields
 * Level 1.4 Summonings


You had 2 spell levels left.
You knew the following spells:

 Your Spells              Type           Power      Damage    Failure   Level
a - Call Canine Familiar  Summ           2%         N/A       97%         3

Your spell library contained the following spells:

 Spells                   Type           Power      Damage    Failure   Level
 Summon Small Mammal      Summ           8%         N/A       75%         1
 Summon Guardian Golem    Hex/Summ       1%         N/A       99%         3


Dungeon Overview and Level Annotations

Branches:
Dungeon (4/15)
 Temple: D:4-7

Altars:

Annotations:
D:4 Eustachio, Sigmund


Innate Abilities, Weirdness & Mutations

((You are quick and stealthy near water. (Stealth+, EV+, Speed+++)))
Your lower body shifts to a powerful aquatic tail in water.


Message History

You puncture the hobgoblin!
You kill the hobgoblin!
A hound comes into view.
Eustachio mumbles some strange words.
You barely miss the kobold. The adder bites you but does no damage.
You block the kobold's attack.
Okay, then.
You puncture the adder!
You kill the adder!
The kobold hits you but does no damage.
You puncture the kobold!
You kill the kobold!
Reach: d) +4 spear (venom)
Press: ? - help, Dir - move target, f - hound
Aim: a hound (about 36% to evade your +4 spear of venom)
You reach to attack!
You closely miss the hound.
The hound stops to sniff the ground.
The hound bites you but does no damage.
You puncture the hound!
The hound is heavily wounded.
Eustachio casts a spell.
Eustachio blinks!
You block the hound's attack.
You barely miss the hound.
The hound is heavily wounded.
The hound bites you but does no damage. You block the hound's attack.
You puncture Eustachio!
Eustachio is moderately wounded.
Eustachio hits you with a +2 rapier of holy wrath!
* * * LOW HITPOINT WARNING * * *
The hound bites you but does no damage. The quasit bites you.
* * * LOW HITPOINT WARNING * * *
You feel clumsy. The quasit barely misses you.
The quasit claws you but does no damage.
You hit Eustachio.
Eustachio is poisoned.
Eustachio is moderately wounded.
You block the hound's attack.
Eustachio gestures wildly while chanting.
Eustachio blinks!
The quasit bites you.
You die...

# # . .. 5.
@. .#
######..##..
#..@h†......
#.§55...@...
#...........
#...##.##...
##### ## ##


You could see Eustachio (very poisoned), a hound and 2 quasits.

Vanquished Creatures
  2 hounds (D:4)
  An iguana (D:4)
  3 gnolls (D:2)
  6 adders
  A worm (D:2)
  2 dart slugs (D:2)
  An orc (D:3)
  7 endoplasms
  5 giant cockroaches
  5 goblins
  3 hobgoblins
  10 jackals
  5 quokkas
  4 ball pythons
  7 bats
  3 frilled lizards
  5 kobolds
  4 rats
74 creatures vanquished.

Notes
Turn   | Place    | Note
-------+----------+-------------------------------------------
     0 | D:1      | zeram the Merfolk Fighter began the quest for the Orb.
     0 | D:1      | Reached XP level 1. HP: 18/18 MP: 1/1
   163 | D:1      | Reached XP level 2. HP: 15/24 MP: 2/2
   610 | D:1      | Found a faded altar of an unknown god.
   821 | D:2      | Reached XP level 3. HP: 25/29 MP: 3/3
   877 | D:2      | Reached skill level 4 in Polearms
  1064 | D:2      | Reached skill level 1 in Dodging
  1066 | D:2      | Reached XP level 4. HP: 23/35 MP: 4/4
  1461 | D:2      | Reached skill level 5 in Polearms
  1581 | D:2      | Learned a level 3 spell: Call Canine Familiar
  1870 | D:3      | Reached XP level 5. HP: 32/41 MP: 5/5
  2696 | D:4      | Reached skill level 6 in Polearms
  2696 | D:4      | Reached skill level 1 in Summonings
  2759 | D:4      | Reached XP level 6. HP: 38/47 MP: 6/6
  2856 | D:4      | Noticed Sigmund
  2876 | D:4      | HP: 1/47 [something (9)]
  2877 | D:4      | Noticed Eustachio
  2888 | D:4      | Slain by a quasit

Illustrated notes

Levels and vault maps discovered:
D:1:      dpeg_arrival_tiny_d, layout_basic,
          ebering_ecumenical_altar_sacrificial
D:2:      layout_rooms, minmay_quantized
D:3:      layout_loops_cross
D:4:      layout_gridville, mainiacjoe_overflow_six_doors_small,
          uniq_blork_the_orc, uniq_eustachio, uniq_natasha,
          uniq_crazy_yiuf_cottage, uniq_sigmund

Skill      XL: |  1  2  3  4  5 |
---------------+----------------+-----
Polearms       | 4 5 6 |  6.2
Shields        | 4 |  4.8
Dodging        | 1 |  1.7
Summonings     | 1 |  1.4
Fighting       | |  3.2
Armour         | |  2.1

Action                   |  1- 3 |  4- 6 || total
-------------------------+-------+-------++-------
Melee: Trident           |    95 |     4 ||    99
       Spear             |       |   121 ||   121
Throw: Stone             |       |     1 ||     1
  Use: Scroll            |     2 |     4 ||     6
       Potion            |     1 |     4 ||     5
Armor: Scale mail        |    39 |    36 ||    75
Dodge: Dodged            |    29 |    21 ||    50
Block: Kite shield       |    47 |    39 ||    86
